 Dungeon Crawl Stone Soup version 0.32-a0-834-geaf45d8e21 (webtiles) character file.

Game seed: 17575329379294564789

0 BigDaddyOpFi the Sneak (level 1, -4/19 HPs)
             Began as a Ghoul Delver on Mar 25, 2024.
             Slain by an orc warrior
             ... wielding a +0 trident
              (6 damage)
             ... on level 5 of the Dungeon.
             The game lasted 00:00:24 (35 turns).

BigDaddyOpFi the Sneak (Ghoul Delver)                 Turns: 35, Time: 00:00:24

Health: -4/19      AC:  3    Str: 15    XL:     1   Next: 0%
Magic:  1/1        EV: 10    Int:  9    God:
Gold:   0          SH:  0    Dex: 10    Spells: 0/0 levels left

rFire   . . .        g - +0 war axe
rCold   + . .        (no shield)
rNeg    + + +        a - +0 leather armour
rPois   ∞            (no helmet)
rElec   .            (no cloak)
rCorr   .            (no gloves)
SInv    .            (no boots)
Will    .....        (no amulet)
Stlth   +++          (no ring)
HPRegen 0.00/turn    (no ring)
MPRegen 0.07/turn

%: no passive effects
@: inhibited regen, hasted, very quick
A: claws 1, cold resistance 1, negative energy resistance 3, inhibited
regeneration, torment resistance 2, devour on kill
a: no special abilities


You were on level 5 of the Dungeon.
You visited 1 branch of the dungeon, and saw 1 of its levels.

Inventory:

Hand Weapons
 g - a +0 war axe (weapon)
Armour
 a - a +0 leather armour (worn)
Wands
 f - a wand of digging (3)
Scrolls
 b - a scroll of fog
 c - a scroll of revelation
 d - a scroll of fear


   Skills:
 + Level 3.2 Fighting
 + Level 1.7 Dodging
 + Level 5.4 Stealth
 + Level 2.1 Unarmed Combat


You couldn't memorise any spells.
You didn't know any spells.
Your spell library was empty.

Dungeon Overview and Level Annotations

Branches:
Dungeon (5/15)
 Temple: D:4-7

Altars:


Innate Abilities, Weirdness & Mutations

You are immune to poison.
You have sharp fingernails.
Your flesh is cold resistant. (rC+)
You are immune to negative energy. (rN+++)
You do not regenerate when monsters are visible.
You are immune to unholy pain and torment.
You thrive by killing the living.


Message History

Found a hand axe.
You see here a maw talisman.
An adder and a gnoll come into view.
Warning You see here a +0 hand axe.
You see here a maw talisman.
Found a war axe.
You see here a +0 war axe.
g - a +0 war axe An orc comes into view.
It is wielding a +1 whip of venom.
Warning An orc warrior and an orc come into view.
The orc warrior shouts!
You hear a shout!
An orc comes into view. It is wielding a +0 flail.
An orc comes into view. It is wielding a +0 short sword.
The orc shouts! x3
Okay, then.
Okay, then.
g - a +0 war axe (weapon)
You feel yourself speed up.
The orc warrior hits you from afar with a +0 trident!
Ouch! That really hurt!
The orc warrior barely misses you.
Okay, then.
You aren't carrying any potions.
Unknown command.
Okay, then.
You slash the orc warrior!
The orc warrior is moderately wounded.
You hit the orc.
The orc warrior hits you with a +0 trident!
* * * LOW HITPOINT WARNING * * *
Unknown command.
You aren't carrying any potions.
You hit the orc.
You kill the orc!
You hit the orc warrior but do no damage.
You hit the orc. The orc closely misses you.
The orc warrior hits you with a +0 trident.
You die...

.. # ..... .. .....
.############....##
.......#...........
###..............#
###..o..............
.. #.....o@........#
#...
..##..oo........##....
##.............#
#....#...##.#.....
...##.######.# #####
#.#####.######.# ... #
#.........>#.# ..# .
.#..........#.##.##...
............#.#.......


You could see an orc warrior and 3 orcs.

Vanquished Creatures
  An orc (D:5)
1 creature vanquished.

Notes
Turn   | Place    | Note
-------+----------+-------------------------------------------
     0 | D:5      | BigDaddyOpFi the Ghoul Delver began the quest for the Orb.
     0 | D:5      | Reached XP level 1. HP: 19/19 MP: 1/1
    28 | D:5      | Noticed an orc warrior
    35 | D:5      | Slain by an orc warrior

Illustrated notes

Levels and vault maps discovered:
D:5:      layout_rooms

Action                     || total
---------------------------++-------
  Melee: War axe           ||     2
    Use: Potion            ||     1
 Armour: Leather armour    ||     3
  Dodge: Dodged            ||     2

Table legend: (Time is in decaauts)
 A = Elapsed time spent in this place.
 B = Non-inter-level travel time spent in this place.
 C = Inter-level travel time spent in this place.
 D = Time resting spent in this place.
 E = Time spent auto-exploring this place.
 F = Levels seen in this place.
 G = Mean time per level.
                   A        B        C        D        E       F      G
               +--------+--------+--------+--------+--------+-----+--------+
         Total |     34 |     34 |      0 |      0 |      0 |   1 |   34.0 |
       Dungeon |     34 |     34 |      0 |      0 |      0 |   1 |   34.0 |
               +--------+--------+--------+--------+--------+-----+--------+

Top non-repeatable levels by time:
     D:5: 34 daAuts
